 Dungeon Crawl Stone Soup version 0.27.1-1-g398f81649c (webtiles) character file.

Game seed: 8098958289425861663

648 jlumianski the Chopper (level 7, -11/62 HPs)
             Began as a Deep Dwarf Fighter on Sept 10, 2021.
             Mangled by an ogre (15 damage)
             ... on level 4 of the Dungeon.
             The game lasted 00:13:23 (2854 turns).

jlumianski the Chopper (Deep Dwarf Fighter)         Turns: 2854, Time: 00:13:23

Health: -11/62     AC: 11    Str: 20    XL:     7   Next: 27%
Magic:  7/7        EV:  8    Int: 21    God:
Gold:   169        SH: 10    Dex: 18    Spells: 6/6 levels left

rFire    . . .     SeeInvis .   a - +0 war axe
rCold    . . .     Faith    .   c - +0 kite shield
rNeg     . . .     Spirit   .   b - +0 scale mail
rPois    .         Reflect  .   (no helmet)
rElec    .         Harm     .   r - +0 cloak
rCorr    .         Rampage  .   (no gloves)
Will     +....                  h - +2 pair of boots "Fuunyxu" {Drain Int+5}
Stlth    +.........             (no amulet)
HPRegen  0.00/turn              e - +6 ring of dexterity
MPRegen  0.10/turn              u - +6 ring of intelligence

@: studying Poison Magic
A: damage resistance, heal wounds, sense surroundings 1, no regeneration
a: Heal Wounds


You were on level 4 of the Dungeon.
You visited 1 branch of the dungeon, and saw 4 of its levels.

You collected 169 gold pieces.

Inventory:

Hand Weapons
 a - a +0 war axe (weapon)
 q - a +2 quarterstaff of chaos
 x - a +2 flail of protection
Missiles
 g - 68 stones (quivered)
 k - 72 bolts
Armour
 b - a +0 scale mail (worn)
 c - a +0 kite shield (worn)
 h - the +2 pair of boots "Fuunyxu" (worn) {Drain Int+5}
   (You acquired it on level 2 of the Dungeon)

   Int:       It affects your intelligence (+5).
   Drain:     It drains your maximum health when unequipped.
 r - a +0 cloak (worn)
Jewellery
 e - a +6 ring of dexterity (left hand)
 u - a +6 ring of intelligence (right hand)
Wands
 v - a wand of iceblast (7)
Scrolls
 j - a scroll of fear {unknown}
 n - a scroll of blinking
 o - a scroll of vulnerability {unknown}
 s - a scroll of brand weapon {unknown}
 t - a scroll of immolation {unknown}
 w - a scroll of magic mapping {unknown}
Potions
 d - 2 potions of might
 f - a potion of brilliance {unknown}
 i - a potion of lignification
 l - 2 potions of mutation
 m - a potion of ambrosia
 z - 2 potions of degeneration {unknown}
 A - a potion of attraction


   Skills:
 + Level 3.6 Fighting
 + Level 5.6 Axes
 + Level 1.2 Throwing
 + Level 5.2 Armour
 + Level 1.9 Dodging
 + Level 1.1 Stealth
 + Level 4.7 Shields


You had 6 spell levels left.
You didn't know any spells.
Your spell library was empty.

Dungeon Overview and Level Annotations

Branches:
Dungeon (4/15)
 Temple: D:4-7

Altars:
Dithmenos
Hepliaklqana


Innate Abilities, Weirdness & Mutations

You are resistant to damage.
You can heal yourself by infusing magical energy.
You passively map a small area around you.
You do not regenerate.


Message History

The ball python bites you but does no damage.
The ball python constricts you. The ball python barely misses you.
The ball python constricts you.
You closely miss the ball python. You block the ball python's attack.
The ball python constricts you.
The ball python bites you but does no damage.
The ball python constricts you.
You slash the ball python!
You kill the ball python!
You see here a ball python corpse.
You see here a ball python corpse.
Found a stone staircase leading down.
An ogre comes into view. It is wielding a +0 giant club.
Throw: 2 darts (poison)
Press: ? - help, Q - select action, (/) - cycle Shift-Dir - straight line, f - ogre
Aim: an ogre, wielding a +0 giant club (76% to hit)
You throw a poisoned dart. The poisoned dart hits the ogre.
The ogre is poisoned.
Throw: dart (poison)
Press: ? - help, Q - select action, (/) - cycle Shift-Dir - straight line, f/p - ogre
Aim: an ogre, wielding a +0 giant club (poisoned, 76% to hit)
You throw a poisoned dart. The poisoned dart hits the ogre.
The ogre looks even sicker.
You slash the ogre!
The ogre is heavily wounded.
You block the ogre's attack.
You hit the ogre.
The ogre is severely wounded.
You block the ogre's attack. The ogre hits you with a +0 giant club.
You barely miss the ogre.
The ogre is severely wounded.
The ogre hits you with a +0 giant club!
* * * LOW HITPOINT WARNING * * *
You hit the ogre but do no damage.
The ogre is severely wounded.
You block the ogre's attack.
You barely miss the ogre.
The ogre is almost dead.
The ogre hits you with a +0 giant club!
You die...

,, #.##.# ,, ### #.##.#
... #.####.##.# * ..#
...........# ,* * ** #.#
.#.####..... * #.#
.#....#.... * * #.#
#.####.####
##.####.######..>.......
...((.O@.....[..###.##..
##.####.######..###.....
*##...## #......##.. *
##.....#####.######†.
#>.........#.######.. *
*##.....###...........
##...## ###........#
##.## ########## ###


You could see an ogre (poisoned).

Vanquished Creatures
  Sigmund (D:2)
  Edmund (D:4)
  A black bear (D:4)
  A phantom (D:3)
  Crazy Yiuf (D:2)
  An iguana (D:4)
  5 gnolls
  5 adders
  An adder skeleton (D:4)
  4 dart slugs
  2 orcs
  8 endoplasms
  2 giant cockroaches
  4 goblins
  6 hobgoblins
  3 jackals (D:1)
  A quokka (D:1)
  9 ball pythons
  7 bats
  3 frilled lizards (D:3)
  3 kobolds
  2 rats
71 creatures vanquished.

Notes
Turn   | Place    | Note
-------+----------+-------------------------------------------
     0 | D:1      | jlumianski the Deep Dwarf Fighter began the quest for the
                  | Orb.
     0 | D:1      | Reached XP level 1. HP: 20/20 MP: 1/1
   120 | D:1      | Reached XP level 2. HP: 19/28 MP: 2/2
   338 | D:1      | Reached XP level 3. HP: 16/34 MP: 3/3
   437 | D:1      | Reached skill level 1 in Dodging
   892 | D:2      | Found a runed translucent door.
   893 | D:2      | Noticed Crazy Yiuf
   951 | D:2      | Found a shadowy altar of Dithmenos.
  1158 | D:2      | Identified 2 scrolls of acquirement
  1158 | D:2      | Acquired a manual of Poison Magic
  1267 | D:2      | Acquired the +2 pair of boots "Fuunyxu" {Drain Int+5}
  1295 | D:2      | Noticed Sigmund
  1335 | D:2      | Killed Sigmund
  1336 | D:2      | Reached skill level 1 in Stealth
  1336 | D:2      | Reached XP level 4. HP: 29/42 MP: 4/4
  1336 | D:2      | Reached XP level 5. HP: 34/49 MP: 5/5
  1703 | D:2      | Killed Crazy Yiuf
  1846 | D:3      | Reached XP level 6. HP: 32/56 MP: 6/6
  2228 | D:3      | Noticed a shadow
  2229 | D:3      | Found a shadowy altar of Dithmenos.
  2230 | D:3      | Found a hazy altar of Hepliaklqana.
  2247 | D:3      | Reached skill level 5 in Axes
  2459 | D:4      | Noticed Edmund
  2479 | D:4      | Killed Edmund
  2480 | D:4      | Reached skill level 1 in Throwing
  2518 | D:4      | Reached XP level 7. HP: 33/62 MP: 7/7
  2641 | D:4      | Reached skill level 5 in Armour
  2854 | D:4      | Mangled by an ogre

Illustrated notes

Levels and vault maps discovered:
D:1:      minmay_arrival_plants_in_alcoves, layout_loops_ring
D:2:      layout_basic, basic_altar, uniq_crazy_yiuf_cottage, uniq_sigmund
D:3:      layout_basic, riverfiend_overflow_shadow_ancestor, minmay_between
D:4:      layout_loops_ring, fedhas_altar_fruit_tree, grunt_decor_clamped,
          small_statue_intersection, minmay_misc_feat_tiny, uniq_edmund

Skill      XL: |  1  2  3  4  5  6  7 |
---------------+----------------------+-----
Fighting       | 3 |  3.6
Dodging        | 1 |  1.9
Axes           | 4 5 |  5.6
Armour         | 4 5 |  5.2
Stealth        | 1 |  1.1
Shields        | 4 |  4.7
Throwing       | 1 |  1.2

Action                   |  1- 3 |  4- 6 |  7- 9 || total
-------------------------+-------+-------+-------++-------
Melee: War axe           |   106 |    95 |    44 ||   245
Throw: Dart              |     8 |    14 |     5 ||    27
       Stone             |       |     3 |       ||     3
 Abil: Heal Wounds       |     2 |     2 |       ||     4
Evoke: Wand              |       |       |     1 ||     1
  Use: Scroll            |     2 |     3 |       ||     5
       Potion            |     1 |     1 |       ||     2
Armor: Scale mail        |    54 |    43 |    12 ||   109
Dodge: Dodged            |    65 |    37 |    17 ||   119
Block: Kite shield       |    87 |    71 |    22 ||   180
